 Dungeon Crawl Stone Soup version 0.31-a0-83-gbff143cfd1 (webtiles) character file.

Game seed: 13110526701909663744

10182 Mesmaeker13 the Scholar of Death (level 11, -2/47 HPs)
             Began as a Vine Stalker Necromancer on May 24, 2023.
             Was a Follower of Kikubaaqudgha.
             Slain by a skyshark (16 damage)
             ... on level 1 of the Lair of Beasts.
             The game lasted 00:34:22 (10180 turns).

Mesmaeker13 the Scholar of Death (VSNe)            Turns: 10180, Time: 00:34:23

Health: -2/47      AC:  9    Str: 13    XL:     11   Next: 58%
Magic:  0/26       EV: 16    Int: 19    God:    Kikubaaqudgha [*.....]
Gold:   555        SH:  0    Dex: 15    Spells: 12/30 levels left

rFire   . . .        y - +9 whip "Fytelef" {venom, Str+2}
rCold   + + .        (no shield)
rNeg    . . .        t - +2 robe {Will+}
rPois   .            g - +1 hat
rElec   .            p - +0 cloak
rCorr   .            v - +1 pair of gloves
SInv    .            f - +0 pair of boots
Will    ++...        (no amulet)
Stlth   ++           q - ring of protection from cold
HPRegen 1.07/turn    A - ring of protection from cold
MPRegen 0.20/turn

%: guardian spirit
@: about to teleport, animating dead
A: fangs 3, regeneration 1, magic shield, antimagic bite, no potion heal 2
a: Renounce Religion, Unearth Wretches


You were on level 1 of the Lair of Beasts.
You worshipped Kikubaaqudgha.
Kikubaaqudgha was aware of your devotion.
You visited 3 branches of the dungeon, and saw 12 of its levels.

You collected 555 gold pieces.

Inventory:

Hand Weapons
 e - a +1 trident
 y - the +9 whip "Fytelef" (weapon) {venom, Str+2}
   (You found it on level 4 of the Dungeon)

   Str:       It affects your strength (+2).
 E - a +2 spear
Missiles
 b - 2 curare-tipped darts (quivered)
 k - 100 stones
Armour
 f - a +0 pair of boots (worn)
 g - a +1 hat (worn)
 p - a +0 cloak (worn)
 r - a +0 leather armour
 t - a +2 robe of willpower (worn)
 v - a +1 pair of gloves (worn)
Magical Staves
 I - a staff of death
Jewellery
 q - a ring of protection from cold (left hand)
 A - a ring of protection from cold (right hand)
Wands
 s - a wand of charming (7)
 x - a wand of digging (2)
 G - a wand of flame (11)
 J - a wand of roots (6)
Scrolls
 d - a scroll of vulnerability
 h - 2 scrolls of teleportation
 i - 4 scrolls of enchant weapon
 m - a scroll of noise
 n - a scroll of magic mapping
 o - a scroll of silence
 z - 2 scrolls of blinking
 D - a scroll of enchant armour
Potions
 a - a potion of enlightenment
 c - 5 potions of ambrosia
 j - a potion of degeneration {unknown}
 l - 5 potions of curing
 u - a potion of cancellation
 w - a potion of lignification {unknown}
 B - a potion of mutation
 C - a potion of heal wounds {unknown}
 F - a potion of invisibility {unknown}
 H - a potion of attraction {unknown}
 K - a potion of haste {unknown}


   Skills:
 + Level 8.6 Dodging
 - Level 2.4 Stealth
 + Level 10.3 Spellcasting
 - Level 5.0 Conjurations
 + Level 10.7 Necromancy


You had 12 spell levels left.
You knew the following spells:

 Your Spells              Type           Power      Damage    Failure   Level
a - Necrotise             Necr           100%       1d9       1%          1
b - Kiss of Death         Conj/Necr      100%       2d13      1%          1
c - Animate Dead          Necr           50%        N/A       1%          4
d - Dispel Undead         Necr           50%        3d19      1%          4
e - Vampiric Draining     Necr           50%        2d9       1%          3
f - Agony                 Necr           50%        N/A       2%          5

Your spell library contained the following spells:

 Spells                   Type           Power      Damage    Failure   Level
 Momentum Strike          Conj/Tloc      28%        3d8       7%          2
 Beastly Appendage        Tmut           18%        N/A       8%          1
 Summon Small Mammal      Summ           36%        N/A       8%          1
 Blink                    Tloc           18%        N/A       11%         2
 Lesser Beckoning         Tloc           18%        N/A       11%         2
 Wereblood                Tmut           9%         N/A       11%         2
 Call Canine Familiar     Summ           9%         N/A       22%         3
 Confusing Touch          Hex            9%         N/A       22%         3
 Tukima's Dance           Hex            9%         N/A       22%         3
 Portal Projectile        Hex/Tloc       8%         N/A       36%         3
 Spider Form              Tmut/Pois      4%         N/A       36%         3
 Summon Guardian Golem    Hex/Summ       4%         N/A       36%         3
 Ignite Poison            Fire/Tmut/Pois 3%         N/A       41%         3
 Sticky Flame             Conj/Fire      14%        2d4       41%         4
 Passage of Golubria      Tloc           9%         N/A       58%         4
 Blade Hands              Tmut           4%         N/A       90%         5
 Yara's Violent Unravell  Hex/Tmut       2%         3d3       98%         5
 Ignition                 Fire           4%         3d4       100%        8


Dungeon Overview and Level Annotations

Branches:
Dungeon (10/15)            Temple (1/1) D:5            Lair (1/5) D:9
    Orc: D:9-12

Altars:
Ashenzari
Cheibriados
Dithmenos
Elyvilon
Fedhas
Gozag
Hepliaklqana
Kikubaaqudgha
Makhleb
Nemelex Xobeh
Okawaru
Qazlal
Ru
Sif Muna
Trog
Uskayaw
Vehumet
Wu Jian
Xom
Yredelemnul
Zin
The Shining One

Shops:
D:6 (   D:7 [   D:9 :

Annotations:
D:4 2 exclusions


Innate Abilities, Weirdness & Mutations

You have razor-sharp teeth.
Your natural rate of healing is unusually fast.
When hurt, damage is shared between your health and your magic reserves.
Your bite disrupts and absorbs the magic of your enemies.
Potions cannot restore your health.


Message History

You don't have enough magic to cast this spell.
Unknown command.
Unknown command.
Throw: 3 darts (curare)
Press: ? - help, Q - select action, (/) - cycle Shift-Dir - straight line, f/p - skyshark
Aim: a skyshark (severely wounded, berserk, 65% to hit)
You throw a curare-tipped dart.
The curare-tipped dart hits the skyshark.
The skyshark is poisoned.
The skyshark convulses.
The skyshark seems to slow down.
The skyshark is severely wounded.
The skyshark barely misses you. The skyshark tail-slaps you.
The skyshark closely misses you.
Casting: Vampiric Draining (safe; 1% risk of failure)
Confirm with . or Enter, or press ? or * to list all spells.
Okay, then.
Okay, then.
Okay, then.
Aiming: Fastroot
Press: ? - help, Shift-Dir - straight line, f/p - skyshark
Aim: a skyshark (severely wounded, berserk, very poisoned, slow)
The roots erupt in riotous growth!
Roots grab the skyshark.
The grasping roots constrict the skyshark.
You hear a croak.
The skyshark bites you! The skyshark tail-slaps you!
* * * LOW HITPOINT WARNING * * *
The skyshark tail-slaps you but does no damage.
Unknown command.
Okay, then.
The grasping roots constrict the skyshark.
The roots release their grip on the skyshark.
The skyshark barely misses you. The skyshark completely misses you.
The skyshark closely misses you. The skyshark barely misses you. x2
The skyshark tail-slaps you but does no damage.
As you read the scroll of teleportation, it crumbles to dust.
You feel strangely unstable. The skyshark bites you!!
You die...
Kikubaaqudgha rasps: "You have failed me!
Welcome... death!"

........#.### ##.# ###...
.......^..## #.# #...
...........## ##.# #....
................... .....
.......... ##.##.### ###
...#.#..###....#.#P. .P#
...#.......#.# ..#.#+#.#
...####.#...# ##.#.#(#.#
...#.#Z#.##.###.@#.###.# . #
...##..##.####..l#P...P# ...
.##
....#........###.###'###.....
...
....####....#.Z#...(.........
##.
.P.#.####..#.##.##.###.#...##
#.. .#........#.#..#...# #..
.# #. .#..###.##.#.#####..#
#... #. .P......†.#..# .#.#
.#.# #~ ....##.###...# # .# .
# #.


You could see a skyshark (berserk, poisoned, slow).

Vanquished Creatures
  2 two-headed ogres (D:9)
  2 cane toads (Lair:1)
  2 komodo dragons (Lair:1)
  A hornet (D:8)
  2 wyverns
  3 yaks (Lair:1)
  Eustachio (D:4)
  A basilisk (Lair:1)
  5 water moccasins (Lair:1)
  An orc warrior (D:8)
  2 black bears
  An ice beast (D:10)
  2 ogres
  8 wolves
  A phantom (D:4)
  5 centaurs
  2 kobold brigands (D:9)
  4 bullfrogs
  A gnoll sergeant (D:9)
  2 scorpions
  4 wights (D:7)
  12 killer bees
  A howler monkey (D:9)
  A centaur zombie (D:4)
  3 orc priests
  A jelly (D:7)
  3 hounds
  Jessica (D:2)
  2 scorpion zombies (D:4)
  An orc wizard (D:5)
  4 iguanas
  A hound skeleton (D:4)
  A hound zombie (D:4)
  5 gnolls
  10 adders
  A white imp (D:6)
  3 adder zombies (D:4)
  An adder skeleton (D:4)
  4 worms
  2 dart slugs
  14 orcs
  12 ball pythons
  6 endoplasms
  2 giant cockroaches
  6 goblins
  7 hobgoblins
  3 jackals (D:1)
  4 quokkas
  9 bats
  A frilled lizard (D:2)
  A jackal zombie (D:4)
  19 kobolds
  3 rats
196 creatures vanquished.

Vanquished Creatures (collateral kills)
  A cane toad (Lair:1)
  A kobold demonologist (D:9)
  Prince Ribbit (D:7)
  A troll (D:9)
  A yak (Lair:1)
  A wyvern (D:9)
  A steam dragon (D:7)
  2 wolves (D:9)
  2 centaurs
  4 kobold brigands
  A bullfrog (D:8)
  3 killer bees
  An electric eel (D:9)
  4 hounds
  A jelly (D:5)
  Crazy Yiuf (D:7)
  2 iguanas (D:7)
  3 gnolls
  A white imp (D:7)
  An orc (D:5)
  A ball python (D:3)
  6 kobolds
  A kobold zombie (D:9)
41 creatures vanquished.

Vanquished Creatures (others)
  2 wolf zombies (D:9)
  An electric eel (D:9)
  2 bullfrog zombies
  2 centaur zombies
  A hound (D:9)
  An orc priest (D:3)
  5 killer bee zombies
  An adder zombie (D:5)
  A gnoll zombie (D:9)
  8 kobold zombies (D:9)
  An orc zombie (D:5)
25 creatures vanquished.

Grand Total: 262 creatures vanquished

Notes
Turn   | Place    | Note
-------+----------+-------------------------------------------
     0 | D:1      | Mesmaeker13 the Vine Stalker Necromancer began the quest
                  | for the Orb.
     0 | D:1      | Reached XP level 1. HP: 9/9 MP: 4/4
    94 | D:1      | Learned a level 1 spell: Kiss of Death
   353 | D:1      | Reached XP level 2. HP: 10/12 MP: 4/6
   952 | D:2      | Reached skill level 1 in Conjurations
   952 | D:2      | Reached XP level 3. HP: 12/15 MP: 3/7
  1220 | D:2      | Gained mutation: Your natural rate of healing is unusually
                  | fast. [Vine Stalker growth]
  1220 | D:2      | Reached XP level 4. HP: 12/21 MP: 4/9
  1949 | D:2      | Noticed Jessica
  1954 | D:2      | Killed Jessica
  2118 | D:3      | Reached XP level 5. HP: 23/23 MP: 6/10
  2399 | D:3      | Found a shimmering altar of Xom.
  2402 | D:3      | Found a shimmering altar of Xom.
  2402 | D:3      | Found an iron altar of Okawaru.
  2404 | D:3      | Found an ornate altar of the Wu Jian Council.
  2404 | D:3      | Found a bloodstained altar of Trog.
  2404 | D:3      | Found a burning altar of Makhleb.
  2882 | D:4      | Noticed Eustachio
  2896 | D:3      | Learned a level 4 spell: Animate Dead
  2912 | D:4      | Noticed a phantom
  2921 | D:4      | Learned a level 4 spell: Dispel Undead
  2949 | D:4      | Killed a phantom
  2950 | D:4      | Reached skill level 5 in Necromancy
  2950 | D:4      | Reached XP level 6. HP: 25/28 MP: 8/12
  3168 | D:5      | Entered Level 5 of the Dungeon
  3168 | D:5      | Found a basalt altar of Yredelemnul.
  3187 | D:4      | Killed Eustachio
  3188 | D:4      | Reached XP level 7. HP: 21/32 MP: 2/14
  3530 | D:4      | Identified the +9 whip "Fytelef" {venom, Str+2}
  4270 | D:5      | Learned a level 3 spell: Vampiric Draining
  4319 | D:5      | Gained mutation: You have razor-sharp teeth. [Vine Stalker
                  | growth]
  4319 | D:5      | Reached XP level 8. HP: 16/29 MP: 2/16
  4448 | D:5      | Found a staircase to the Ecumenical Temple.
  4452 | Temple   | Entered the Ecumenical Temple
  4588 | D:5      | Reached skill level 5 in Spellcasting
  5491 | D:6      | Found an ornate altar of the Wu Jian Council.
  5532 | D:6      | Noticed a wyvern
  5544 | D:6      | Killed a wyvern
  5545 | D:6      | Reached skill level 5 in Conjurations
  5589 | D:6      | Found a bloodstained altar of Trog.
  5614 | D:6      | Found Taukko's Weapon Emporium.
  6238 | D:7      | Reached XP level 9. HP: 39/39 MP: 10/19
  6300 | D:7      | Reached skill level 5 in Dodging
  6425 | D:7      | Found Eshecoingo's Armour Emporium.
  6445 | D:7      | Noticed Prince Ribbit
  6463 | D:7      | Killed Prince Ribbit
  6729 | D:7      | Found a runed translucent door.
  6730 | D:7      | Noticed Crazy Yiuf
  6742 | D:7      | Killed Crazy Yiuf
  7018 | D:8      | Noticed a hornet
  7030 | D:8      | Killed a hornet
  7590 | D:8      | Noticed a two-headed ogre
  7603 | D:8      | Reached XP level 10. HP: 44/44 MP: 19/22
  7783 | D:9      | Found a staircase to the Lair.
  7905 | D:9      | Noticed a two-headed ogre
  7949 | D:9      | Killed a two-headed ogre
  7981 | D:9      | Noticed a kobold demonologist
  7992 | D:9      | Killed a kobold demonologist
  8159 | D:9      | Found Feveb's Book Boutique.
  8180 | D:9      | Noticed a two-headed ogre
  8188 | D:9      | Learned a level 5 spell: Agony
  8204 | D:9      | Killed a two-headed ogre
  8474 | D:9      | Found an ancient bone altar of Kikubaaqudgha.
  8614 | D:9      | Found a burning altar of Makhleb.
  8616 | D:9      | Found a radiant altar of Vehumet.
  8616 | D:9      | Found a shadowy altar of Dithmenos.
  8633 | D:9      | Reached XP level 11. HP: 44/45 MP: 22/25
  8751 | D:9      | Found a hazy altar of Hepliaklqana.
  8754 | D:9      | Found a sacrificial altar of Ru.
  8805 | D:9      | Became a worshipper of Kikubaaqudgha
  8833 | D:10     | Entered Level 10 of the Dungeon
  9037 | D:10     | Noticed a boulder beetle
  9044 | D:10     | Reached skill level 10 in Necromancy
  9334 | Lair:1   | Entered Level 1 of the Lair of Beasts
  9893 | Lair:1   | Reached skill level 10 in Spellcasting
 10029 | Lair:1   | Reached * piety under Kikubaaqudgha
 10029 | Lair:1   | Received a gift from Kikubaaqudgha
 10167 | Lair:1   | Noticed a skyshark
 10180 | Lair:1   | Slain by a skyshark

Illustrated notes

Levels and vault maps discovered:
D:1:      mrwooster_arrival_statue_3, layout_loops_ring
D:2:      layout_basic, uniq_jessica
D:3:      layout_rooms, doesnt_xom_only_xom, guppyfry_early_orc_mine
D:4:      layout_basic, serial_undead, serial_undead_f, serial_undead_d,
          serial_undead_a, serial_undead_c, uniq_eustachio
D:5:      layout_rooms, mainiacjoe_overflow_alcove_4,
          minmay_temple_entry_glassed_door, chequers_garden
D:6:      layout_basic, nicolae_wu_jian_immortal_techniques, bloody_trog,
          serial_shops, nicolae_shop_tiny_real_fake_doors,
          kennysheep_minor_cross, dreamdust_princess_bridge, grunt_ministairs_4
D:7:      layout_rooms, serial_shops, shop, uniq_crazy_yiuf_cottage,
          uniq_prince_ribbit1
D:8:      minmay_evil_eye, layout_basic, uniq_maggie
D:9:      layout_roguey, nicolae_overflow_hidden_temple, lemuel_crystal_altar,
          erik_lair_island, nicolae_stop_n_shop_2, grunt_ministairs_15,
          minmay_parallelograms
D:10:     layout_loops_ring, hiddenorc1_lemuel, serial_ice, serial_ice_m,
          serial_ice_f, serial_ice_e, serial_ice_k,
          ebering_ghost_reflecting_pool, minmay_tree_intersection
Temple:   hellmonk_temple_two_chambers
Lair:1:   layout_hall_layers, minmay_shattered_shrine,
          infiniplex_staircase_pool_2

Skill      XL: |  1  2  3  4  5  6  7  8  9 10 11 |
---------------+----------------------------------+-----
Dodging        | 2 3 4 6 7 8 |  8.6
Conjurations   | 1 2 3 4 5 |  5.0
Spellcasting   | 3 4 6 7 9 10 | 10.3
Necromancy     | 5 6 8 9 10 | 10.7
Stealth        | |  2.4

Action                     |  1- 3 |  4- 6 |  7- 9 | 10-12 || total
---------------------------+-------+-------+-------+-------++-------
  Melee: Dagger            |    29 |     4 |    14 |       ||    47
         Bite              |     9 |    31 |    27 |    37 ||   104
         Spear             |     3 |    83 |       |       ||    86
         Trident           |       |    17 |    16 |       ||    33
         Punch             |       |     2 |     2 |     2 ||     6
         Whip              |       |       |    92 |   160 ||   252
  Throw: Stone             |       |       |     1 |       ||     1
         Dart              |       |       |       |     3 ||     3
   Cast: Necrotise         |    40 |    67 |    70 |    22 ||   199
         Kiss of Death     |     2 |     4 |     9 |     4 ||    19
         Dispel Undead     |       |     2 |     7 |       ||     9
         Vampiric Draining |       |       |     9 |    17 ||    26
         Animate Dead      |       |       |     7 |    19 ||    26
         Agony             |       |       |       |    12 ||    12
  Evoke: Wand              |       |     4 |       |    10 ||    14
    Use: Scroll            |       |     3 |     3 |    11 ||    17
         Potion            |       |       |       |     4 ||     4
   Stab: Sleeping          |       |     1 |     2 |     1 ||     4
         Distracted        |       |       |     1 |       ||     1
 Armour: Robe              |    14 |    39 |    50 |    81 ||   184
  Dodge: Dodged            |    31 |    62 |   134 |   245 ||   472

Table legend: (Time is in decaauts)
 A = Elapsed time spent in this place.
 B = Non-inter-level travel time spent in this place.
 C = Inter-level travel time spent in this place.
 D = Time resting spent in this place.
 E = Time spent auto-exploring this place.
 F = Levels seen in this place.
 G = Mean time per level.
                   A        B        C        D        E       F      G
               +--------+--------+--------+--------+--------+-----+--------+
         Total |  10259 |   9580 |    679 |    569 |   6683 |  12 |  854.9 |
       Dungeon |   9409 |   8730 |    679 |    569 |   6072 |  10 |  940.9 |
        Temple |     21 |     21 |      0 |      0 |      7 |   1 |   21.0 |
          Lair |    827 |    827 |      0 |      0 |    604 |   1 |  827.0 |
               +--------+--------+--------+--------+--------+-----+--------+

Top non-repeatable levels by time:
     D:2: 1258 daAuts
     D:9: 1242 daAuts
     D:4: 1219 daAuts
     D:6: 1132 daAuts
     D:1: 944 daAuts
     D:5: 879 daAuts
     D:7: 861 daAuts
  Lair:1: 827 daAuts
     D:8: 767 daAuts
     D:3: 715 daAuts
    D:10: 389 daAuts
  Temple: 21 daAuts
